 Dungeon Crawl Stone Soup version 0.29.1-1-gd02db6906a (webtiles) character file.

Game seed: 5370991637718190559

45 brubbba the Cudgeller (level 3, -8/33 HPs)
             Began as a Minotaur Monk on Sept 23, 2022.
             Mangled by an ogre
             ... wielding a +0 giant spiked club
              (11 damage)
             ... on level 3 of the Dungeon.
             The game lasted 00:05:55 (1587 turns).

brubbba the Cudgeller (Minotaur Monk)               Turns: 1587, Time: 00:05:56

Health: -8/33      AC:  8    Str: 17    XL:     3   Next: 42%
Magic:  2/2        EV:  7    Int:  7    God:
Gold:   62         SH:  0    Dex: 12    Spells: 2/2 levels left

rFire   . . .      SeeInvis .   a - +0 mace
rCold   . . .      Faith    .   (no shield)
rNeg    . . .      Spirit   .   r - +0 chain mail
rPois   +          Reflect  .   (helmet restricted)
rElec   .          Harm     .   (no cloak)
rCorr   .          Rampage  .   (no gloves)
Will    .....                   (no boots)
Stlth   ..........              (no amulet)
HPRegen 0.11/turn               d - ring of poison resistance
MPRegen 0.08/turn               (no ring)

@: no status effects
A: horns 2, retaliatory headbutt
a: no special abilities


You were on level 3 of the Dungeon.
You visited 1 branch of the dungeon, and saw 3 of its levels.

You collected 62 gold pieces.

Inventory:

Hand Weapons
 a - a +0 mace (weapon)
 f - a +0 club
Armour
 b - a +0 robe
 l - a +0 scale mail
 m - a +0 helmet
 r - a +0 chain mail (worn)
Jewellery
 d - a ring of poison resistance (left hand)
Scrolls
 i - a scroll of fog {unknown}
 j - a scroll of vulnerability {unknown}
 k - a scroll of enchant weapon {unknown}
 n - a scroll of identify {unknown}
Potions
 c - a potion of ambrosia
 e - 3 potions of curing {unknown}
 g - a potion of brilliance {unknown}
 h - 3 potions of degeneration {unknown}
 o - a potion of lignification {unknown}
 p - a potion of flight {unknown}
 q - a potion of mutation {unknown}


   Skills:
 + Level 4.2 Fighting
 + Level 4.3 Maces & Flails
 + Level 2.1 Armour
 - Level 3.2 Dodging
 - Level 1.5 Stealth


You had 2 spell levels left.
You didn't know any spells.
Your spell library was empty.

Dungeon Overview and Level Annotations

Branches:
Dungeon (3/15)

Altars:
Ashenzari

Shops:
D:2 [


Innate Abilities, Weirdness & Mutations

You have a pair of horns on your head.
You reflexively headbutt those who attack you in melee.


Message History

The quokka bites you but does no damage. x2
You hit the quokka.
You kill the quokka!
q - a fuming pink potion A worm comes into view.
Found a chain mail.
Found a stone staircase leading down.
You barely miss the worm. The worm barely misses you. You furiously retaliate!
You headbutt the worm. You hit the worm.
The worm is heavily wounded.
You hit the worm. You headbutt the worm.
You kill the worm!
Found a scroll labelled CARISY NEINA.
You see here a +0 chain mail.
r - a +0 chain mail You start removing your armour.
You continue taking off your +0 scale mail. x4
You finish taking off your +0 scale mail.
You start putting on your armour.
You continue putting on your +0 chain mail. x5
You finish putting on your +0 chain mail.
An ogre comes into view. It is wielding a +0 giant spiked club.
You see here a scroll labelled CARISY NEINA.
You hit the ogre.
The ogre is lightly wounded.
The ogre hits you with a +0 giant spiked club!!
Ouch! That really hurt!
You are too injured to fight recklessly!
You are too injured to fight recklessly!
You are too injured to fight recklessly!
You are too injured to fight recklessly!
You hit the ogre but do no damage.
The ogre is lightly wounded.
The ogre hits you with a +0 giant spiked club!
* * * LOW HITPOINT WARNING * * *
You hit the ogre but do no damage.
The ogre is lightly wounded.
The ogre hits you with a +0 giant spiked club!
You die...

#.# ########### # ....
.........#....# ..
...####.......#.##.#...
....#............#.#...
....#†........#.......
....#....#..#+#......
....#..#..........####.#
........................
....####....>.?.@O...#
..#....+........####.#
########...#....... #
#...#.#+##### # #.....#
# ##+####


You could see an ogre.

Vanquished Creatures
  3 worms
  An endoplasm (D:2)
  3 giant cockroaches (D:2)
  4 goblins
  4 hobgoblins
  3 kobolds
  3 quokkas
  7 ball pythons
  A bat (D:2)
  2 frilled lizards (D:1)
  3 rats
34 creatures vanquished.

Notes
Turn   | Place    | Note
-------+----------+-------------------------------------------
     0 | D:1      | brubbba the Minotaur Monk began the quest for the Orb.
     0 | D:1      | Reached XP level 1. HP: 19/19 MP: 0/0
    82 | D:1      | Reached skill level 1 in Armour
   163 | D:1      | Reached XP level 2. HP: 25/27 MP: 1/1
   735 | D:2      | Found a broken altar of Ashenzari.
   977 | D:2      | Reached XP level 3. HP: 22/33 MP: 2/2
  1176 | D:2      | Found Bun Tijea's Antique Armour Emporium.
  1581 | D:3      | Noticed an ogre
  1587 | D:3      | Mangled by an ogre

Illustrated notes

Levels and vault maps discovered:
D:1:      amcnicky_arrival_underground_garden, layout_rooms
D:2:      layout_basic, serial_shops, shop, basic_altar
D:3:      minmay_razor_zed, layout_basic, mainiacjoe_overflow_chevrons,
          kb_xom_exploding_sheep, dreamdust_ecumenical_altar_hidden_monk_grotto

Skill      XL: |  1  2  3 |
---------------+----------+-----
Armour         | 1 2 |  2.1
Maces & Flails | 4 |  4.3
Fighting       | 4 |  4.2
Dodging        | |  3.2
Stealth        | |  1.5

Action                   || total
-------------------------++-------
Melee: Mace              ||    75
       Headbutt          ||    12
 Stab: Sleeping          ||     1
Armor: Scale mail        ||    14
       Robe              ||     4
Dodge: Dodged            ||    29
